 Dungeon Crawl Stone Soup version 0.23.2-1-ga50397a (webtiles) character file.

Game seed: 5251029881743558156

93 IBeShadow the Gusty (level 4, -3/25 HPs)
             Began as a Tengu Air Elementalist on May 16, 2019.
             Killed from afar by an orc wizard (4 damage)
             ... with a magic dart
             ... on level 3 of the Dungeon.
             The game lasted 00:04:31 (2872 turns).

IBeShadow the Gusty (Tengu Air Elementalist)        Turns: 2872, Time: 00:04:33

Health: -3/25      AC:  6    Str:  9    XL:     4   Next: 61%
Magic:  4/8        EV: 16    Int: 15    God:
Gold:   115        SH:  6    Dex: 24    Spells: 6/7 levels left

rFire    . . .     SeeInvis .   h - +0 short sword
rCold    . . .     Gourm    +   e - +0 buckler
rNeg     . . .     Faith    .   o - +0 ring mail
rPois    .         Spirit   .   (helmet restricted)
rElec    .         Reflect  .   r - +0 cloak
rCorr    .         Harm     .   (no gloves)
MR       .....                  (boots unavailable)
Stlth    +++.......             x - amulet of the gourmand
HPRegen  0.08/turn              k - +4 ring of dexterity
MPRegen  0.11/turn              (no ring)

@: agile, very slightly contaminated, slowed, very slow
A: beak, talons 3
a: no special abilities


You were on level 3 of the Dungeon.
You were not hungry.

You visited 1 branch of the dungeon, and saw 3 of its levels.

You collected 115 gold pieces.

Inventory:

Hand Weapons
 h - a +0 short sword (weapon)
Armour
 a - a +0 robe
 e - a +0 buckler (worn)
 o - a +0 ring mail (worn)
 r - a +0 cloak (worn)
Jewellery
 k - a +4 ring of dexterity (left hand)
 x - an amulet of the gourmand (around neck)
Scrolls
 d - 2 scrolls of teleportation {unknown}
 g - a scroll of identify {unknown}
 j - a scroll of noise {unknown}
 n - 4 scrolls of remove curse {unknown}
 p - a scroll of magic mapping {unknown}
 s - a scroll of random uselessness {unknown}
 t - a scroll of fog {unknown}
 u - a scroll of enchant armour {unknown}
 v - a scroll of blinking {unknown}
Potions
 l - a potion of heal wounds {unknown}
 m - a potion of lignification {unknown}
 q - a potion of degeneration {unknown}
Comestibles
 c - 4 rations


   Skills:
 - Level 1.3 Fighting
 - Level 2.1 Dodging
 - Level 2.0 Stealth
 + Level 2.8 Shields
 - Level 2.0 Spellcasting
 - Level 2.4 Conjurations
 - Level 4.5 Air Magic


You had 6 spell levels left.
You knew the following spells:

 Your Spells              Type           Power        Failure   Level  Hunger
a - Shock                 Conj/Air       ##..         17%         1    #......

Your spell library contained the following spells:

 Spells                   Type           Power        Failure   Level  Hunger
 Swiftness                Chrm/Air       #.......     41%         2    ###....
 Static Discharge         Conj/Air       ##......     45%         3    ###....
 Airstrike                Air            ###.......   75%         4    #####..
 Lightning Bolt           Conj/Air       ##........   99%         5    ######.


Dungeon Overview and Level Annotations

Branches:
Dungeon (3/15)

Altars:
Uskayaw
Wu Jian


Innate Abilities, Weirdness & Mutations

You have a beak for a mouth.
You have claws for feet.


Message History

The orc wizard closely misses you. x2
Casting: Shock (safe; 19% risk of failure)
Confirm with . or Enter, or press ? or * to list all spells.
Aiming: Shock (safe; 19% risk of failure)
Press: ? - help, Shift-Dir - straight line The zap hits the orc wizard.
You kill the orc wizard!
The orc wizard hits you with a cursed +0 dagger.
* * * LOW HITPOINT WARNING * * *
The orc wizard hits you but does no damage.
Unknown command.
Okay, then.
You closely miss the orc wizard. You claw the orc wizard.
Your peck misses the orc wizard.
The orc wizard is severely wounded.
The orc wizard is no longer moving quickly.
The orc wizard hits you but does no damage.
The orc wizard points at you and mumbles some strange words.
The magic dart hits you.
You die...

#.# #.# #.#
##############.# #
............##.#####.#
........>............#
............#.#......#
............#.#.####.###
............+..o@.......
......).....#.#)####.###
............#.#.####.#
##+#.................###.
##.####...#.#.#.#†.......
##.#......#.#.#.#.#..###.
............# #.#)# .#
.....##.#.#.#.#.#)# #
..............#.#.#


You could see an orc wizard.

Vanquished Creatures
  An orc wizard (D:3)
  An adder (D:2)
  3 dart slugs
  3 orcs (D:3)
  A ball python (D:1)
  2 giant cockroaches
  3 goblins (D:1)
  3 hobgoblins
  6 jackals
  4 bats
  3 frilled lizards
  7 kobolds
  6 rats
43 creatures vanquished.

Notes
Turn   | Place    | Note
-------+----------+-------------------------------------------
     0 | D:1      | IBeShadow the Tengu Air Elementalist began the quest for
                  | the Orb.
     0 | D:1      | Reached XP level 1. HP: 10/10 MP: 4/4
   153 | D:1      | Reached XP level 2. HP: 16/16 MP: 6/6
   411 | D:1      | Reached skill level 1 in Fighting
   955 | D:1      | Reached XP level 3. HP: 5/20 MP: 5/7
  1816 | D:2      | Reached skill level 1 in Shields
  2411 | D:3      | Found an ornate altar of the Wu Jian Council.
  2411 | D:3      | Found a hide-covered altar of Uskayaw.
  2849 | D:3      | Reached XP level 4. HP: 21/25 MP: 5/8
  2871 | D:3      | HP: 1/25 [orc wizard/cursed +0 dagger (3)]
  2872 | D:3      | Killed from afar by an orc wizard

Skill      XL: |  1  2  3 |
---------------+----------+-----
Conjurations   | 2 |  2.4
Fighting       | 1 |  1.3
Shields        | 2 |  2.8
Dodging        | |  2.1
Stealth        | |  2.0
Spellcasting   | |  2.0
Air Magic      | |  4.5

Action                   |  1- 3 |  4- 6 || total
-------------------------+-------+-------++-------
Melee: Dagger            |    32 |       ||    32
       Unarmed           |     4 |       ||     4
       Kick              |    25 |     2 ||    27
       Peck              |    14 |     1 ||    15
       Short sword       |    61 |    10 ||    71
 Cast: Shock             |    13 |     6 ||    19
  Use: Potion            |       |     3 ||     3
 Stab: Sleeping          |     2 |       ||     2
  Eat: Chunk             |    11 |       ||    11
Armor: Robe              |    13 |       ||    13
       Ring mail         |    18 |    12 ||    30
Dodge: Dodged            |    65 |    16 ||    81
Block: Buckler           |    22 |     3 ||    25
